 Dungeon Crawl Stone Soup version 0.26.1-11-gd32895ea62 (webtiles) character file.

Game seed: 17290388652815821193

51449 nothank2 the Scorcher (level 14, -14/124 HPs)
             Began as a Red Draconian Fire Elementalist on July 11, 2021.
             Was a High Priest of Vehumet.
             Killed from afar by a fire giant (22 damage)
             ... with a fireball
             ... on level 12 of the Dungeon.
             The game lasted 02:11:50 (28162 turns).

nothank2 the Scorcher (DrFE)                       Turns: 28162, Time: 02:11:50

Health: -14/124    AC: 20    Str: 12    XL:     14   Next: 23%
Magic:  26/49      EV: 12    Int: 25    God:    Vehumet [*****.]
Gold:   1372       SH:  7    Dex: 11    Spells: 11/37 levels left

rFire    + . .     SeeInvis .   T - +5 demon trident (flame)
rCold    . . .     Faith    .   A - +3 buckler
rNeg     . . .     Spirit   .   (armour unavailable)
rPois    .         Reflect  .   R - +3 hat of Pondering {ponderous, Will+ MP+10 Int+5}
rElec    .         Harm     .   c - +2 cloak
rCorr    .         Rampage  .   D - +2 pair of gloves
Will     +++..                  g - +2 pair of boots
Stlth    ++........             K - amulet of the acrobat
HPRegen  0.30/turn              p - ring of magical power
MPRegen  0.31/turn              B - ring of willpower

@: slow
A: breathe fire, unfitting armour, fire resistance 1, cold-blooded, AC +8
a: Breathe Fire, Renounce Religion


You were on level 12 of the Dungeon.
You worshipped Vehumet.
Vehumet was extremely pleased with you.
You visited 3 branches of the dungeon, and saw 19 of its levels.

You collected 1477 gold pieces.
You spent 105 gold pieces at shops.

Inventory:

Hand Weapons
 C - the +0 mace of Blind Justice {vorpal, rElec Will+ Str-2, unknown}
   (You found it on level 10 of the Dungeon)

   It inflicts extra damage upon your enemies.
   It affects your strength (-2).
   It insulates you from electricity.
   It affects your willpower, your defense against some magical effects.
 T - a +5 demon trident of flaming (weapon)
Missiles
 k - 107 poisoned darts
Armour
 a - a scarf of shadows
 c - a +2 cloak (worn)
 g - a +2 pair of boots (worn)
 A - a +3 buckler (worn)
 D - a +2 pair of gloves (worn)
 R - the +3 hat of Pondering (worn) {ponderous, Will+ MP+10 Int+5}
   (You found it on level 3 of the Lair of Beasts)

   It affects your intelligence (+5).
   It affects your willpower, your defense against some magical effects.
   It affects your magic capacity (+10).
Magical Staves
 t - an uncursed staff of air {unknown}
Jewellery
 i - a +6 ring of strength {unknown}
 o - an uncursed ring of resist corrosion
 p - a ring of magical power (left hand)
 B - a ring of willpower (right hand)
 K - an amulet of the acrobat (around neck)
Wands
 e - a wand of disintegration (26)
 r - a wand of enslavement (9)
 w - a wand of acid (11)
 x - a wand of digging (3)
 y - a wand of paralysis (5)
 J - a wand of polymorph (21)
 P - a wand of iceblast (22)
 Q - a wand of flame (28)
Scrolls
 d - 6 scrolls of identify
 f - 6 scrolls of teleportation
 h - a scroll of acquirement {unknown}
 j - 4 scrolls of remove curse
 l - a scroll of holy word {unknown}
 m - a scroll of amnesia
 n - 4 scrolls of blinking
 u - 2 scrolls of fog
Potions
 b - 4 potions of heal wounds
 q - 5 potions of brilliance
 s - 3 potions of curing
 v - a potion of ambrosia
 E - a potion of invisibility
 G - 4 potions of might
 H - 3 potions of lignification
 I - 3 potions of haste
 M - 3 potions of magic
 O - 2 potions of cancellation
 S - 2 potions of flight


   Skills:
 + Level 11.0 Fighting
 - Level 1.7 Dodging
 - Level 1.7 Stealth
 - Level 4.3 Shields
 + Level 12.1 Spellcasting
 + Level 12.9 Conjurations
 + Level 15.3 Fire Magic


You had 11 spell levels left.
You knew the following spells:

 Your Spells              Type           Power        Failure   Level
a - Magic Dart            Conj           100%         0%          1
b - Searing Ray           Conj           100%         1%          2
c - Sticky Flame          Conj/Fire      72%          1%          4
d - Fireball              Conj/Fire      36%          1%          5
e - Bolt of Magma         Conj/Fire/Erth 29%          1%          5
f - Starburst             Conj/Fire      36%          1%          6
g - Frozen Ramparts       Ice            30%          3%          3

Your spell library contained the following spells:

 Spells                   Type           Power        Failure   Level
 Foxfire                  Conj/Fire      100%         0%          1
 Conjure Flame            Conj/Fire      72%          1%          3
 Dazzling Flash           Conj/Hex       94%          1%          3
 Inner Flame              Hex/Fire       52%          1%          3
 Fulminant Prism          Conj/Hex       23%          1%          4
 Iskenderun's Mystic Bla  Conj/Tloc      47%          1%          4
 Animate Skeleton         Necr           30%          4%          1
 Apportation              Tloc           30%          4%          1
 Corona                   Hex            16%          4%          1
 Pain                     Necr           60%          4%          1
 Summon Small Mammal      Summ           60%          4%          1
 Blink                    Tloc           N/A          6%          2
 Ensorcelled Hibernation  Hex/Ice        30%          6%          2
 Confusing Touch          Hex            15%          12%         3
 Gell's Gravitas          Tloc           7%           12%         3
 Lesser Beckoning         Tloc           7%           12%         3
 Teleport Other           Tloc           15%          12%         3
 Tukima's Dance           Hex            15%          12%         3
 Vampiric Draining        Necr           7%           12%         3
 Animate Dead             Necr           7%           36%         4
 Passage of Golubria      Tloc           N/A          36%         4
 Agony                    Necr           15%          73%         5


Dungeon Overview and Level Annotations

Branches:
Dungeon (12/15)            Temple (1/1) D:7            Lair (6/6) D:10
 Shoals (0/4) Lair:4       Spider (0/4) Lair:2        Slime (0/5) Lair:5
    Orc (0/2) D:10

Altars:
Ashenzari
Cheibriados
Dithmenos
Elyvilon
Fedhas
Gozag
Hepliaklqana
Kikubaaqudgha
Makhleb
Nemelex Xobeh
Okawaru
Qazlal
Ru
Sif Muna
Trog
Uskayaw
Vehumet
Wu Jian
Xom
Yredelemnul
Zin
The Shining One
Jiyva

Shops:
D:7 !   D:8 ?   D:12 (?*


Innate Abilities, Weirdness & Mutations

You can breathe blasts of fire.
Your fiery red scales are hard. (AC +8)
You cannot fit into any form of body armour.
Your flesh is heat resistant. (rF+)
You are cold-blooded and may be slowed by cold attacks.


Message History

The fire giant is severely wounded.
The frost giant hits you but does no damage.
The frost giant points at you and mumbles some strange words.
The bolt of cold misses you. The frost giant casts a spell at you.
The bolt of cold hits you!
The frost giant gestures at you while chanting.
The bolt of cold misses you. The frost giant casts a spell at you.
The bolt of cold hits you!!
* * * LOW HITPOINT WARNING * * *
The fire giant points at you and mumbles some strange words.
The bolt of fire hits you! You resist.
* * * LOW HITPOINT WARNING * * *
The frost giant casts a spell at you. The bolt of cold misses you.
There is a stone staircase leading up here.
The fire giant casts a spell at you.
The fireball explodes!
The fireball engulfs you!! You resist.
You die...

#########.........#
........#.........#
........#....)..|.#######
........#...............#
#########.........#####.#
#.8∩8.###.............#.####
∩......##..........##.>...(#
8..8..8######.####.####.##.#
..._..∩#........@#......##.#
#....l##...C...#.#########.##
##'''##...lC................#
...(C..........#.####.#.##..#
##..#######+##......#.#.....#
##.## #....#...##.......#
##.# ###########.#(....# ##.#
+.#.###.# ##.# #.......#


You could see a frost giant (strong), a fire giant and a komodo dragon.

Vanquished Creatures
  Josephine (Lair:5)
  A boulder beetle (D:10)
  A catoblepas (Lair:4)
  5 hydras
  A merfolk avatar (Lair:6)
  3 two-headed ogres
  Nergalle (Lair:2)
  3 sea snakes (Lair:6)
  The ghost of JBAR the Gouger, a novice FeFi of Dithmenos (D:12)
  3 ugly things
  An orb spider (Lair:2)
  A cyclops (D:12)
  4 oklob plants
  A merfolk siren (Lair:4)
  10 elephants
  4 black mambas
  10 cane toads
  A gargoyle (D:12)
  Maggie (Lair:2)
  7 rime drakes
  An efreet (D:10)
  11 komodo dragons
  A yaktaur (D:10)
  2 trolls
  A wind drake (Lair:6)
  4 polar bears
  A dream sheep (Lair:4)
  4 hornets
  7 blink frogs
  7 wraiths
  6 wyverns
  39 yaks
  8 basilisks
  4 vampire mosquitoes (D:12)
  A steam dragon (Lair:4)
  3 wargs (D:10)
  A soldier ant (D:10)
  21 water moccasins
  4 orc warriors
  A swamp drake (Lair:3)
  5 ice beasts
  2 sky beasts
  2 black bears
  An eye of draining (D:11)
  2 phantoms
  A necrophage (D:7)
  8 centaurs
  2 ogres (D:8)
  14 wolves
  15 bullfrogs
  A wyvern zombie (D:12)
  5 scorpions
  11 wights
  8 howler monkeys
  4 electric eels
  A centaur zombie (D:6)
  3 bullfrog zombies
  7 orc priests
  3 jellies
  7 hounds
  2 quasits
  3 centaur skeletons (D:10)
  17 orc wizards
  Ijyb (D:4)
  10 iguanas
  15 worker ants
  A killer bee zombie (D:10)
  2 howler monkey zombies
  2 worker ant zombies
  2 howler monkey skeletons
  3 gnolls (D:6)
  11 adders
  3 shadow imps
  3 white imps
  A howler monkey simulacrum (D:10)
  An ufetubus (D:4)
  An ooze (D:4)
  2 adder zombies
  An adder skeleton (D:4)
  3 worms (D:2)
  2 dart slugs
  2 leopard geckos
  46 orcs
  8 bats
  3 giant cockroaches
  7 goblins
  7 hobgoblins
  8 jackals
  5 quokkas
  4 frilled lizards
  A giant cockroach zombie (D:5)
  5 kobolds
  A leopard gecko skeleton (D:4)
  A quokka skeleton (D:9)
  11 rats
  2 bushes (Lair:5)
486 creatures vanquished.

Vanquished Creatures (others)
  95 foxfires
  30 fungi
  119 plants
  3 withered plants (D:9)
247 creatures vanquished.

Grand Total: 733 creatures vanquished

Notes
Turn   | Place    | Note
-------+----------+-------------------------------------------
     0 | D:1      | nothank2 the Draconian Fire Elementalist began the quest
                  | for the Orb.
     0 | D:1      | Reached XP level 1. HP: 14/14 MP: 3/3
   518 | D:1      | Reached XP level 2. HP: 20/20 MP: 5/5
  1009 | D:2      | Found a basalt altar of Yredelemnul.
  1013 | D:2      | Reached XP level 3. HP: 20/26 MP: 6/6
  1017 | D:2      | Learned a level 3 spell: Conjure Flame
  1553 | D:2      | Reached XP level 4. HP: 24/33 MP: 6/8
  2012 | D:2      | Found a white marble altar of Elyvilon.
  2012 | D:2      | Found a glowing silver altar of Zin.
  2013 | D:2      | Found a glowing golden altar of the Shining One.
  2248 | D:3      | Reached skill level 4 in Fire Magic
  2870 | D:4      | Noticed a phantom
  2882 | D:3      | Learned a level 4 spell: Sticky Flame
  2967 | D:4      | Killed a phantom
  2968 | D:4      | Reached XP level 5. HP: 20/38 MP: 6/10
  3596 | D:4      | Noticed Ijyb
  3613 | D:4      | Killed Ijyb
  3614 | D:4      | Reached XP level 6. HP: 42/45 MP: 11/11
  4310 | D:5      | Entered Level 5 of the Dungeon
  4339 | D:4      | Reached skill level 1 in Shields
  4778 | D:3      | Found a broken altar of Ashenzari.
  4815 | D:4      | HP: 1/45 [orc priest/nerve-wracking pain (7)]
  4837 | D:4      | HP: 2/45 [ufetubus (2)]
  5495 | D:4      | Your scales start taking on a fiery red colour.
  5495 | D:4      | Reached skill level 5 in Fire Magic
  5495 | D:4      | Reached XP level 7. HP: 32/50 MP: 8/12
  5495 | D:4      | Gained mutation: Your flesh is heat resistant. (rF+) [Red
                  | Draconian growth]
  6126 | D:5      | Found a stormy altar of Qazlal.
  6393 | D:5      | Found an ornate altar of the Wu Jian Council.
  6518 | D:6      | Found a shimmering altar of Xom.
  6701 | D:6      | Reached skill level 6 in Fire Magic
  7238 | D:6      | Reached XP level 8. HP: 34/57 MP: 9/15
  7468 | D:6      | Reached skill level 5 in Conjurations
  7468 | D:6      | Reached skill level 7 in Fire Magic
  7476 | D:6      | Reached skill level 5 in Spellcasting
  7547 | D:6      | Learned a level 5 spell: Fireball
  8031 | D:6      | Found an iron altar of Okawaru.
  8067 | D:6      | Noticed a moth of wrath
  8070 | D:6      | Found a bloodstained altar of Trog.
  8072 | D:6      | Found the +7 mace of Variability {chain chaos}
  8098 | D:6      | Got an ichor-stained trident
  8234 | D:7      | Identified the +0 trident "Jyunk" {drain, Str+5} (You found
                  | it on level 6 of the Dungeon)
  9019 | D:7      | Found Atuamudghyg's Distillery.
  9035 | D:7      | Reached skill level 8 in Fire Magic
  9104 | D:7      | Found a staircase to the Ecumenical Temple.
  9118 | Temple   | Entered the Ecumenical Temple
  9135 | Temple   | Became a worshipper of Vehumet
  9297 | D:7      | Learned a level 1 spell: Magic Dart
 10013 | D:8      | Reached XP level 9. HP: 62/62 MP: 13/18
 10358 | D:8      | Found Ocoxoi's Magic Scroll Emporium.
 10599 | D:8      | Reached skill level 9 in Fire Magic
 11053 | D:9      | Found a glowing golden altar of the Shining One.
 11579 | D:9      | Noticed a two-headed ogre
 11594 | D:9      | Killed a two-headed ogre
 11594 | D:9      | Reached * piety under Vehumet
 11594 | D:9      | Offered knowledge of Freeze by Vehumet.
 11723 | D:9      | Reached skill level 10 in Fire Magic
 11767 | D:9      | Found a sparkling altar of Nemelex Xobeh.
 11831 | D:9      | Reached XP level 10. HP: 56/69 MP: 12/21
 12061 | D:9      | Found an ancient bone altar of Kikubaaqudgha.
 12308 | D:9      | Found a shimmering altar of Xom.
 12355 | D:9      | Noticed a two-headed ogre
 12359 | D:9      | Killed a two-headed ogre
 12780 | D:10     | Entered Level 10 of the Dungeon
 12884 | D:10     | Reached ** piety under Vehumet
 12884 | D:10     | Offered knowledge of Sandblast by Vehumet.
 12909 | D:9      | Reached skill level 11 in Fire Magic
 13452 | D:10     | Found a staircase to the Orcish Mines.
 13897 | D:10     | Found a staircase to the Lair.
 14082 | D:10     | Reached XP level 11. HP: 51/74 MP: 2/24
 14167 | D:9      | Offered knowledge of Ignite Poison by Vehumet.
 14419 | D:10     | Noticed a purple ugly thing
 14435 | D:10     | Killed a purple ugly thing
 14436 | D:10     | Reached skill level 12 in Fire Magic
 14878 | D:9      | Learned a level 2 spell: Searing Ray
 14879 | D:10     | Noticed a six-headed hydra
 14888 | D:9      | Killed a six-headed hydra
 14889 | D:9      | Reached skill level 10 in Conjurations
 15363 | D:10     | Reached *** piety under Vehumet
 15434 | D:10     | Noticed a boulder beetle
 15625 | D:10     | Noticed a cyan ugly thing
 15645 | D:10     | Killed a cyan ugly thing
 15740 | Lair:1   | Entered Level 1 of the Lair of Beasts
 16225 | Lair:1   | Offered knowledge of Frozen Ramparts by Vehumet.
 16226 | Lair:1   | Reached skill level 10 in Spellcasting
 16230 | Lair:1   | Learned a level 3 spell: Frozen Ramparts
 16406 | Lair:1   | Reached skill level 1 in Fighting
 16428 | Lair:1   | Reached skill level 13 in Fire Magic
 17085 | Lair:1   | Reached XP level 12. HP: 89/89 MP: 26/26
 17455 | Lair:2   | Noticed Maggie
 17461 | Lair:2   | Killed Maggie
 17599 | Lair:2   | Reached **** piety under Vehumet
 17989 | Lair:2   | Noticed Nergalle
 18000 | Lair:2   | Killed Nergalle
 18001 | Lair:2   | Reached skill level 5 in Fighting
 18273 | Lair:2   | Found a hole to the Spider Nest.
 19340 | Lair:3   | Found the +3 hat of Pondering {ponderous, Will+ MP+10
                  | Int+5}
 20380 | Lair:4   | Offered knowledge of Bolt of Magma by Vehumet.
 20400 | Lair:4   | Learned a level 5 spell: Bolt of Magma
 20534 | Lair:4   | Noticed a six-headed hydra
 20549 | Lair:4   | Killed a six-headed hydra
 21037 | Lair:4   | Noticed a catoblepas
 21049 | Lair:4   | Killed a catoblepas
 21516 | Lair:4   | Found a staircase to the Shoals.
 21519 | Lair:4   | Reached skill level 14 in Fire Magic
 21740 | Lair:5   | Noticed Josephine
 21753 | Lair:5   | Killed Josephine
 21754 | Lair:5   | Reached XP level 13. HP: 94/107 MP: 14/28
 22510 | Lair:5   | Found a viscous altar of Jiyva.
 22510 | Lair:5   | Found a staircase to the Slime Pits.
 22539 | Lair:5   | Reached ***** piety under Vehumet
 23263 | Lair:6   | Entered Level 6 of the Lair of Beasts
 23798 | Lair:6   | Offered knowledge of Starburst by Vehumet.
 23806 | Lair:6   | Learned a level 6 spell: Starburst
 24049 | Lair:6   | Reached skill level 10 in Fighting
 25420 | Lair:6   | Found a blossoming altar of Fedhas.
 25439 | Lair:6   | Reached skill level 15 in Fire Magic
 26090 | D:10     | Got a steaming mace
 26209 | D:11     | Reached XP level 14. HP: 101/122 MP: 26/29
 27585 | D:12     | Found Guasel's Jewellery Boutique.
 27878 | D:12     | Found Kiwniz's Magic Scroll Emporium.
 27886 | D:12     | Bought a scroll of enchant armour for 105 gold pieces
 27964 | D:12     | Found Rieleojeclau's Antique Weapon Shop.
 28135 | D:12     | Found a runed translucent gate.
 28135 | D:12     | Found a runed translucent gate.
 28136 | D:12     | Noticed a frost giant
 28137 | D:12     | Found a runed translucent gate.
 28137 | D:12     | Found an opulent altar of Gozag.
 28138 | D:12     | Found Riasanot's Assorted Antiques.
 28138 | D:12     | Noticed JBAR's ghost (novice FeFi)
 28139 | D:12     | Noticed a fire giant
 28150 | D:12     | Killed JBAR's ghost
 28162 | D:12     | Killed from afar by a fire giant

Illustrated notes

Levels and vault maps discovered:
D:1:      dpeg_arrival_subterranean_lakeside_camping, layout_basic
D:2:      layout_loops_ring, good_gods_mini_temple, yredelemnul_altar_generic,
          lightli_corner_chamber
D:3:      layout_basic, nicolae_overflow_hidden_temple
D:4:      layout_loops_cross, kennysheep_generic_room_2, uniq_ijyb
D:5:      layout_cave_pools, grunt_qazlal_sundering, marbit_many_paths
D:6:      layout_loops_ring, kennysheep_mini, tgw_trog, basic_altar,
          item_on_display_a
D:7:      layout_layer_cave, minmay_temple_entry_glass, serial_shops, shop,
          st_stairs_11
D:8:      minmay_spotlight, layout_loops_ring, serial_shops, shop
D:9:      layout_small_grid, general_overflow_altar, kiku_gazebo_garden_becter,
          xom_teletrap_fun, basic_altar
D:10:     minmay_the_grid_square_5x5_3x3 [minmay_the_grid_square_5x5_shrine2,
          minmay_the_grid_square_5x5_percent, minmay_the_grid_square_5x5_fat_x,
          minmay_the_grid_square_5x5_corner,
          minmay_the_grid_square_5x5_megaprize_diamond,
          minmay_the_grid_square_5x5_three, minmay_the_grid_square_5x5_six,
          minmay_the_grid_square_5x5_minivault,
          minmay_the_grid_square_5x5_lines], layout_cave_pools,
          erik_lair_orcish_takeover
D:11:     layout_loops_cross
D:12:     minmay_s_stair_smasher, layout_basic, ebering_ghost_gozag,
          serial_shops, shop_fountains, shop, shop_scrolls,
          hangedman_abyss_or_decor_stagger
Temple:   zaba_magenta_temple
Lair:1:   beast_lair_carwin_large_1, layout_gridlike
Lair:2:   layout_regular_city, nicolae_spider_entry_orb_guardian, uniq_nergalle,
          uniq_maggie
Lair:3:   layout_long_grid, hibernation_bobbens, lemuel_fruit_tree,
          infiniplex_staircase_pool, lemuel_fruit_fields
Lair:4:   layout_long_grid, elwin_shoals_entry_rooms, serial_bayou_shore_a,
          minmay_lair_oklob_chamber, grunt_megastairs_1
Lair:5:   layout_cave_pods, dpeg_slime_entry_enclosed_altar, serial_forest,
          infiniplex_forest_straight_4, infiniplex_forest_split,
          infiniplex_forest_corner_1, infiniplex_forest_end_2,
          infiniplex_forest_lined_3_way, infiniplex_forest_lined_1,
          infiniplex_forest_zigzag_1, infiniplex_forest_clump_tiny,
          grunt_megastairs_3, serial_bayou_shore_b, uniq_josephine
Lair:6:   gammafunk_lair_ancient_temple, layout_gridlike, tgw_fedhas

Skill      XL: |  1  2  3  4  5  6  7  8  9 10 11 12 13 14 |
---------------+-------------------------------------------+-----
Conjurations   | 2 3 4 6 7 9 10 11 12 | 12.9
Spellcasting   | 3 4 6 7 9 10 11 12 | 12.1
Fire Magic     | 4 5 6 8 10 11 13 14 15 | 15.3
Shields        | 3 4 |  4.3
Fighting       | 3 8 10 11 | 11.0
Dodging        | |  1.7
Stealth        | |  1.7

Action                   |  1- 3 |  4- 6 |  7- 9 | 10-12 | 13-15 || total
-------------------------+-------+-------+-------+-------+-------++-------
Melee: Dagger            |    13 |       |       |       |       ||    13
       Unarmed           |    10 |       |       |       |       ||    10
       Club              |     4 |       |       |       |       ||     4
       Tailslap          |    12 |    16 |    46 |    25 |    15 ||   114
       Mace              |    58 |   212 |   411 |   188 |       ||   869
       Demon trident     |       |       |       |   106 |    92 ||   198
 Cast: Foxfire           |    13 |    31 |    13 |       |       ||    57
       Conjure Flame     |     1 |     1 |     2 |       |       ||     4
       Sticky Flame      |       |       |    42 |   128 |    17 ||   187
       Magic Dart        |       |       |     2 |    32 |     7 ||    41
       Fireball          |       |       |       |    60 |     8 ||    68
       Searing Ray       |       |       |       |     9 |     2 ||    11
       Bolt of Magma     |       |       |       |    20 |   171 ||   191
       Frozen Ramparts   |       |       |       |       |     4 ||     4
       Starburst         |       |       |       |       |     2 ||     2
 Abil: Breathe Fire      |       |       |     3 |     2 |     1 ||     6
  Use: Potion            |       |     1 |     1 |     1 |     1 ||     4
       Scroll            |       |       |    12 |    21 |     4 ||    37
 Stab: Sleeping          |     2 |     1 |     2 |     2 |       ||     7
Armor: Skin              |    40 |   165 |   217 |   264 |    45 ||   731
Dodge: Dodged            |    60 |   241 |   328 |   322 |    59 ||  1010
Block: Buckler           |       |    40 |   126 |   168 |    44 ||   378
